 Dungeon Crawl Stone Soup version 0.25-a0-861-g340c9e8194 (webtiles) character file.

Game seed: 18308137682360294125, levelgen mode: deterministic

29 Esekla the Charmwright (level 3, -4/20 HPs)
             Began as a Deep Elf Skald on Apr 29, 2020.
             Slain by an orc
             ... wielding a +1 vorpal mace
              (9 damage)
             ... on level 2 of the Dungeon.
             The game lasted 00:08:16 (898 turns).

Esekla the Charmwright (Deep Elf Skald)              Turns: 898, Time: 00:08:16

Health: -4/20      AC:  4    Str:  8    XL:     3   Next: 1%
Magic:  5/10       EV: 13    Int: 17    God:
Gold:   45         SH:  0    Dex: 15    Spells: 4/9 levels left

rFire    . . .     SeeInvis .   a - +0 falchion
rCold    . . .     Gourm    .   (no shield)
rNeg     . . .     Faith    .   b - +0 leather armour
rPois    .         Spirit   .   g - +0 helmet
rElec    .         Reflect  .   (no cloak)
rCorr    .         Harm     .   (no gloves)
MR       .....     Rnd*Tele +   (no boots)
Stlth    +.........             (no amulet)
HPRegen  0.06/turn              i - ring of teleportation (curse)
MPRegen  0.12/turn              (no ring)

@: infused
A: no striking features
a: no special abilities


You were on level 2 of the Dungeon.
You were not hungry.

You visited 1 branch of the dungeon, and saw 3 of its levels.

You collected 45 gold pieces.

Inventory:

Hand Weapons
 a - a +0 falchion (weapon)
Armour
 b - a +0 leather armour (worn)
 g - a +0 helmet (worn)
Jewellery
 i - a cursed ring of teleportation (left hand)
Scrolls
 k - a scroll of immolation {unknown}
Potions
 c - a potion of flight {unknown}
 e - a potion of heal wounds
 f - a potion of curing {unknown}
 h - a potion of magic {unknown}
 j - a potion of haste {unknown}
Comestibles
 d - 7 rations


   Skills:
 - Level 1.5 Fighting
 + Level 2.2 Long Blades
 - Level 0.7 Armour
 * Level 3.0 Dodging
 * Level 3.8 Spellcasting
 - Level 4.4 Charms
 * Level 0.6 Translocations


You had 4 spell levels left.
You knew the following spells:

 Your Spells              Type           Power        Failure   Level  Hunger
a - Infusion              Chrm           ###.         3%          1    None
b - Shroud of Golubria    Chrm/Tloc      ##....       12%         2    ##.....
c - Song of Slaying       Chrm           ###.....     5%          2    ##.....

Your spell library contained the following spells:

 Spells                   Type           Power        Failure   Level  Hunger
 Ozocubu's Armour         Chrm/Ice       ##......     28%         3    ###....
 Spectral Weapon          Hex/Chrm       ##......     28%         3    ###....


Dungeon Overview and Level Annotations

Branches:
Dungeon (3/15)

Altars:


Message History

You begin infusing your attacks with magical energy.
Casting: Infusion (safe; 3% risk of failure)
Confirm with . or Enter, or press ? or * to list all spells.
Space distorts slightly along a thin shroud covering your body.
The orc hits you with a +1 vorpal mace.
You barely miss the orc. The orc closely misses you.
You riposte.
You closely miss the orc. You hit the orc.
The orc is moderately wounded.
The orc misses you.
You hit the orc.
The orc is heavily wounded.
The orc hits you with a +1 vorpal mace.
* * * LOW HITPOINT WARNING * * *
Your shroud falls apart!
* * * LOW HITPOINT WARNING * * *
You barely miss the orc.
The orc is heavily wounded.
The orc hits you with a +1 vorpal mace!
You die...

#.#.######.# #######
#.#.## #.....# #....#
$#####.###.###....###
#.# .......#
#.##....†..# #.#
.####..# #..........#
#.# #..# ####.......#
#.# #..# ##.....## #.#
#..# #.o@..# #.# ##.#
#.#.#.####.# #.#
#.#........### #
##.#######.###........#
.##.#...†......#
########.#
........######## #.#
.#####..# #.# #..# #.#
#..#### #.#


You could see an orc.

Vanquished Creatures
  A ball python (D:2)
  A giant cockroach (D:3)
  3 goblins
  5 hobgoblins
  3 jackals (D:2)
  3 kobolds
  2 bats
  5 frilled lizards
  3 rats
26 creatures vanquished.

Notes
Turn   | Place    | Note
-------+----------+-------------------------------------------
     0 | D:1      | Esekla the Deep Elf Skald began the quest for the Orb.
     0 | D:1      | Reached XP level 1. HP: 12/12 MP: 6/6
   150 | D:2      | Reached XP level 2. HP: 13/16 MP: 4/8
   157 | D:2      | Learned a level 2 spell: Shroud of Golubria
   160 | D:2      | Learned a level 2 spell: Song of Slaying
   298 | D:3      | Noticed a sky beast
   851 | D:3      | Reached XP level 3. HP: 16/20 MP: 8/10
   898 | D:2      | Slain by an orc

Levels and vault maps discovered:
D:1:      lightli_arrival_isolated_outpost, layout_basic, serial_bayou_lake_a
D:2:      layout_loops_ring, first_ration, uniq_robin
D:3:      layout_rooms, lemuel_round_altar, lemuel_crystal_altar

Skill      XL: |  1  2 |
---------------+-------+-----
Long Blades    | 2 |  2.2
Dodging        | 3 |  3.0
Fighting       | |  1.5
Armour         | |  0.7
Spellcasting   | |  3.8
Charms         | |  4.4
Translocations | |  0.6

Action                   || total
-------------------------++-------
Melee: Falchion          ||    69
 Cast: Infusion          ||     4
       Shroud of Golubri ||     7
       Song of Slaying   ||     2
  Use: Scroll            ||     2
Armor: Leather armour    ||    23
Dodge: Dodged            ||    62
       Rpst.: Falchion   ||    20

Table legend:
 A = Non-vault XP
 B = Vault XP
 C = Vault XP percentage of total XP
 D = Non-vault monster count
 E = Vault monster count
 F = Vault count percentage of total count
                 A         B        C        D         E       F
            +---------+---------+-------+---------+---------+-------
      Total |      42 |       0 |   0.0 |      26 |       0 |   0.0
            +---------+---------+-------+---------+---------+-------
        D:1 |      16 |       0 |   0.0 |      10 |       0 |   0.0
        D:2 |      17 |       0 |   0.0 |      10 |       0 |   0.0
        D:3 |       9 |       0 |   0.0 |       6 |       0 |   0.0
            +---------+---------+-------+---------+---------+-------
